 Dungeon Crawl Stone Soup version 0.23.0-42-geed6394 (webtiles) character file.

Game seed: 687650089543178289

116 Kurtz the Slasher (level 4, 0/35 HPs)
             Began as a Mummy Chaos Knight on Feb 28, 2019.
             Was a Plaything of Xom.
             Killed from afar by Sigmund (1 damage)
             ... with a magic dart
             ... on level 3 of the Dungeon.
             The game lasted 00:01:01 (663 turns).

Kurtz the Slasher (Mummy Chaos Knight)               Turns: 663, Time: 00:01:01

Health: 0/35       AC:  7    Str: 15    XL:     4   Next: 69%
Magic:  4/4        EV:  9    Int: 16    God:    Xom [..*...]
Gold:   43         SH:  0    Dex: 12    Spells: 3/3 levels left

rFire    x . .     SeeInvis .   a - +0 falchion (chaos)
rCold    + . .     Gourm    .   (no shield)
rNeg     + + +     Faith    .   c - +1 scale mail
rPois    ∞         Spirit   .   (no helmet)
rElec    .         Reflect  .   (no cloak)
rCorr    .         Harm     .   (no gloves)
MR       .....                  (no boots)
Stlth    ..........             (no amulet)
HPRegen  0.11/turn              (no ring)
MPRegen  0.09/turn              (no ring)

@: brilliant, very slightly contaminated, invisible
A: no food or potions, fire vulnerability, cold resistance 1, negative energy
resistance 3, torment resistance, unbreathing
a: Renounce Religion


You were on level 3 of the Dungeon.
You worshipped Xom.
You were a toy of Xom.
You were not hungry.

You visited 1 branch of the dungeon, and saw 3 of its levels.

You collected 43 gold pieces.

Inventory:

Hand Weapons
 a - a +0 falchion of chaos (weapon)
Missiles
 f - 2 tomahawks (quivered)
Armour
 b - a +2 leather armour
 c - a +1 scale mail (worn)
 g - a +0 ring mail
 h - a +0 buckler


   Skills:
 - Level 3.0 Fighting
 * Level 4.5 Long Blades
 - Level 1.5 Armour
 - Level 0.7 Dodging


You had 3 spell levels left.
You didn't know any spells.
Your spell library was empty.

Dungeon Overview and Level Annotations

Branches:
Dungeon (3/15)

Altars:
Elyvilon
Qazlal

Annotations:
D:3 Sigmund


Innate Abilities, Weirdness & Mutations

You do not eat or drink.
Your flesh is vulnerable to fire.
You are immune to poison.
Your flesh is cold resistant. (rC+)
You are immune to negative energy. (rN+++)
You are immune to unholy pain and torment.
You can survive without breathing.


Message History

Sigmund hits you but does no damage.
There is a stormy altar of Qazlal here.
Sigmund barely misses you.
Sigmund barely misses you. "Go forth and destroy!"
You fade into invisibility!
You are very lightly contaminated with residual magic.
Sigmund gestures wildly while chanting.
Sigmund flickers and vanishes!
Deactivating autopickup; reactivate with Ctrl-A.
Something hits you but does no damage.
A magic dart appears from out of thin air!
The magic dart hits you.
* * * LOW HITPOINT WARNING * * *
There is a stone staircase leading down here.
Unknown command.
A magic dart appears from out of thin air!
The magic dart hits you.
You die...
Xom yawns loudly!

#.###..... #.# #_# ###
#[#.# #.# #.#.# #.#
#.#.# #.# #.#.# ###.#
#.#.# ....#### #.#.#
.......###########.#.#
................@....#
...##..###########.###
...##..# #.# #####..#
#.# #..# #.# #..# #.#
#####..# #.# ........
#.# #####... #.#


There were no monsters in sight!

Vanquished Creatures
  An orc priest (D:3)
  An orc wizard (D:3)
  Natasha (D:2)
  An adder (D:2)
  7 orcs (D:3)
  4 giant cockroaches
  A kobold (D:2)
  2 bats
  2 rats
20 creatures vanquished.

Notes
Turn   | Place    | Note
-------+----------+-------------------------------------------
     0 | D:1      | Kurtz the Mummy Chaos Knight began the quest for the Orb.
     0 | D:1      | Reached XP level 1. HP: 18/18 MP: 1/1
    95 | D:2      | Reached skill level 3 in Long Blades
    95 | D:2      | Reached XP level 2. HP: 22/24 MP: 2/2
   179 | D:2      | Noticed Natasha
   180 | D:2      | Noticed a crimson imp
   192 | D:2      | Killed Natasha
   192 | D:2      | Reached XP level 3. HP: 29/29 MP: 3/3
   302 | D:3      | Reached skill level 4 in Long Blades
   302 | D:3      | Reached XP level 4. HP: 35/35 MP: 4/4
   310 | D:3      | XOM: potion effect (haste)
   339 | D:3      | Found a white marble altar of Elyvilon.
   442 | D:3      | XOM: harmless Fire miscast
   621 | D:3      | Found a stormy altar of Qazlal.
   628 | D:3      | Noticed Sigmund
   636 | D:3      | XOM: potion effect (brilliance)
   652 | D:3      | XOM: potion effect (invisibility)
   662 | D:3      | HP: 1/35 [something/magic dart (4)]
   663 | D:3      | Killed from afar by Sigmund

Skill      XL: |  1  2  3 |
---------------+----------+-----
Long Blades    | 3 4 |  4.5
Fighting       | |  3.0
Armour         | |  1.5
Dodging        | |  0.7

Action                   |  1- 3 |  4- 6 || total
-------------------------+-------+-------++-------
Melee: Falchion          |    31 |    34 ||    65
  Use: Scroll            |       |     2 ||     2
 Stab: Paralysed         |       |     1 ||     1
Armor: Scale mail        |    20 |    11 ||    31
Dodge: Dodged            |    19 |    15 ||    34
       Rpst.: Falchion   |    12 |     4 ||    16
